 Dungeon Crawl Stone Soup version 0.25-a0-589-g1e14c549ee (webtiles) character file.

Game seed: 12009501563545929897, levelgen mode: deterministic

250 RedPan the Ducker (level 6, -3/47 HPs)
             Began as a Gnoll Wanderer on Mar 9, 2020.
             Killed by divine providence
             ... invoked by an orc priest
              (11 damage)
             ... on level 3 of the Dungeon.
             The game lasted 00:08:21 (2712 turns).

RedPan the Ducker (Gnoll Wanderer)                  Turns: 2712, Time: 00:08:22

Health: -3/47      AC: 10    Str: 18    XL:     6   Next: 13%
Magic:  8/8        EV: 15    Int: 13    God:
Gold:   218        SH:  0    Dex: 14    Spells: 8/8 levels left

rFire    . . .     SeeInvis .   r - +2 whip (pain)
rCold    . . .     Gourm    .   (no shield)
rNeg     . . .     Faith    .   s - +0 scale mail
rPois    .         Spirit   .   (no helmet)
rElec    .         Reflect  .   (no cloak)
rCorr    .         Harm     .   k - +2 pair of gloves
MR       .....                  (no boots)
Stlth    +.........             (no amulet)
HPRegen  0.15/turn              i - +2 ring of evasion
MPRegen  0.11/turn              (no ring)

@: no status effects
A: distributed training, fangs 1, strong nose
a: no special abilities


You were on level 3 of the Dungeon.
You were hungry.

You visited 1 branch of the dungeon, and saw 3 of its levels.
You also visited: Sewer.

You collected 218 gold pieces.

Inventory:

Hand Weapons
 a - a +0 hand axe
 o - a +0 war axe
 r - a +2 whip of pain (weapon)
Missiles
 p - 8 javelins (quivered)
Armour
 b - a +2 leather armour
 f - a +0 buckler
 k - a +2 pair of gloves (worn)
 s - a +0 scale mail (worn)
Jewellery
 i - a +2 ring of evasion (left hand)
 t - an uncursed ring of wizardry
Wands
 l - a wand of scattershot (6)
Scrolls
 e - a scroll of enchant armour
 q - a scroll of blinking
 u - a scroll of amnesia
 v - a scroll of enchant weapon {unknown}
Potions
 c - a potion of lignification
 h - 2 potions of brilliance {unknown}
 j - a potion of degeneration {unknown}
 m - 2 potions of heal wounds {unknown}
 n - 2 potions of flight
Comestibles
 d - 6 rations
 g - 5 chunks of flesh


   Skills:
 + Level 3.1 Fighting
 + Level 1.8 Short Blades
 + Level 1.8 Long Blades
 + Level 4.9 Axes
 + Level 1.8 Maces & Flails
 + Level 1.8 Polearms
 + Level 1.8 Staves
 + Level 1.8 Slings
 + Level 1.8 Bows
 + Level 1.8 Crossbows
 + Level 1.8 Throwing
 + Level 4.9 Armour
 + Level 6.8 Dodging
 + Level 1.8 Stealth
 + Level 3.1 Shields
 + Level 1.8 Unarmed Combat
 + Level 1.8 Spellcasting
 + Level 1.4 Conjurations
 + Level 1.4 Hexes
 + Level 1.4 Charms
 + Level 1.4 Summonings
 + Level 1.4 Necromancy
 + Level 1.4 Translocations
 + Level 1.4 Transmutations
 + Level 1.4 Fire Magic
 + Level 1.4 Ice Magic
 + Level 1.4 Air Magic
 + Level 1.4 Earth Magic
 + Level 1.4 Poison Magic
 + Level 2.0 Invocations
 + Level 3.1 Evocations


You had 8 spell levels left.
You didn't know any spells.
Your spell library was empty.

Dungeon Overview and Level Annotations

Branches:
Dungeon (3/15)              Sewer (visited)

Altars:
Hepliaklqana
Makhleb
Zin
The Shining One


Innate Abilities, Weirdness & Mutations

Your experience applies equally to all skills.
You have very sharp teeth.
Your uncanny sense of smell can sniff out nearby items.


Message History

You hit the hobgoblin.
The hobgoblin is severely wounded.
The hobgoblin hits you but does no damage.
You barely miss the hobgoblin.
The hobgoblin is severely wounded.
The hobgoblin closely misses you.
You hit the hobgoblin.
You kill the hobgoblin!
The orc priest begins to cast a cantrip, but forgets the words!
A kobold comes into view. It is wielding a +0 mace.
The kobold shouts!
You hit the orc but do no damage. The orc misses you.
You hit the orc.
The orc is moderately wounded.
The kobold throws a stone.
The stone misses you. The orc closely misses you.
You whack the orc!
You kill the orc!
The orc priest calls down the wrath of Beogh upon you.
Beogh smites you!
You die...

#≈≈≈..≈..≈..≈..≈≈# ##.
##≈≈≈..≈..≈≈...≈#########..
##.≈..≈.......##....#....#
#..≈K........##....#.####
#............#.......#
............########
..#..>##.#### ....##...# ∆
### #@### ∆ #)#
.......o..ogo..
...########.... .. ∆
###########


You could see an orc priest and a kobold.

Vanquished Creatures
  A worker ant (D:3)
  A river rat (D:3)
  9 adders
  An ooze (D:1)
  2 worms
  A dart slug (D:2)
  5 leopard geckos
  8 orcs (D:3)
  3 ball pythons
  9 giant cockroaches
  5 goblins
  7 hobgoblins
  14 jackals
  7 kobolds
  2 quokkas (D:2)
  6 bats
  7 frilled lizards
  7 rats
95 creatures vanquished.

Vanquished Creatures (others)
  An orc wizard (D:3)
1 creature vanquished.

Grand Total: 96 creatures vanquished

Notes
Turn   | Place    | Note
-------+----------+-------------------------------------------
     0 | D:1      | RedPan the Gnoll Wanderer began the quest for the Orb.
     0 | D:1      | RedPan set off with the following items: a +0 hand axe, a
                  | +2 leather armour, a potion of lignification, a ration
     0 | D:1      | Reached XP level 1. HP: 17/17 MP: 2/2
   128 | D:1      | Reached XP level 2. HP: 14/23 MP: 3/3
   984 | D:2      | Found a hazy altar of Hepliaklqana.
   999 | D:2      | Reached XP level 3. HP: 27/28 MP: 4/4
  1114 | D:2      | Reached skill level 1 in Invocations
  1257 | D:2      | Reached skill level 1 in Short Blades
  1257 | D:2      | Reached skill level 1 in Long Blades
  1257 | D:2      | Reached skill level 1 in Maces & Flails
  1257 | D:2      | Reached skill level 1 in Polearms
  1257 | D:2      | Reached skill level 1 in Staves
  1257 | D:2      | Reached skill level 1 in Slings
  1257 | D:2      | Reached skill level 1 in Bows
  1257 | D:2      | Reached skill level 1 in Crossbows
  1257 | D:2      | Reached skill level 1 in Throwing
  1257 | D:2      | Reached skill level 1 in Stealth
  1257 | D:2      | Reached skill level 1 in Unarmed Combat
  1257 | D:2      | Reached skill level 1 in Spellcasting
  1258 | D:2      | Reached XP level 4. HP: 33/34 MP: 4/6
  1394 | D:2      | Found a burning altar of Makhleb.
  1396 | D:2      | Found a glowing silver altar of Zin.
  1396 | D:2      | Noticed an Executioner
  1396 | D:2      | Noticed an angel
  1469 | D:2      | Found a glowing golden altar of the Shining One.
  1679 | D:3      | Found a glowing drain.
  1706 | D:3      | Reached skill level 1 in Conjurations
  1706 | D:3      | Reached skill level 1 in Hexes
  1706 | D:3      | Reached skill level 1 in Charms
  1706 | D:3      | Reached skill level 1 in Summonings
  1706 | D:3      | Reached skill level 1 in Necromancy
  1706 | D:3      | Reached skill level 1 in Translocations
  1706 | D:3      | Reached skill level 1 in Transmutations
  1706 | D:3      | Reached skill level 1 in Fire Magic
  1706 | D:3      | Reached skill level 1 in Ice Magic
  1706 | D:3      | Reached skill level 1 in Air Magic
  1706 | D:3      | Reached skill level 1 in Earth Magic
  1706 | D:3      | Reached skill level 1 in Poison Magic
  1755 | Sewer    | Entered a sewer
  1874 | Sewer    | Reached XP level 5. HP: 29/40 MP: 7/7
  2574 | D:3      | Reached XP level 6. HP: 39/47 MP: 8/8
  2712 | D:3      | Killed from afar by an orc priest

Levels and vault maps discovered:
D:1:      minmay_arrival_split_and_join, layout_loops_ring
D:2:      layout_rooms, grunt_temple_overflow_order_and_chaos_2,
          lemuel_crystal_altar, tso_metal_star, first_ration, kennysheep_potato
D:3:      cheibrodos_helix_gallery, layout_rooms, portal_sewer_entry_a

Skill      XL: |  1  2  3  4  5  6 |
---------------+-------------------+-----
Invocations    | 1 2 |  2.0
Short Blades   | 1 |  1.8
Long Blades    | 1 |  1.8
Maces & Flails | 1 |  1.8
Polearms       | 1 |  1.8
Staves         | 1 |  1.8
Slings         | 1 |  1.8
Bows           | 1 |  1.8
Crossbows      | 1 |  1.8
Throwing       | 1 |  1.8
Stealth        | 1 |  1.8
Unarmed Combat | 1 |  1.8
Spellcasting   | 1 |  1.8
Conjurations   | 1 |  1.4
Hexes          | 1 |  1.4
Charms         | 1 |  1.4
Summonings     | 1 |  1.4
Necromancy     | 1 |  1.4
Translocations | 1 |  1.4
Transmutations | 1 |  1.4
Fire Magic     | 1 |  1.4
Ice Magic      | 1 |  1.4
Air Magic      | 1 |  1.4
Earth Magic    | 1 |  1.4
Poison Magic   | 1 |  1.4
Fighting       | 3 |  3.1
Shields        | 3 |  3.1
Evocations     | 3 |  3.1
Axes           | |  4.9
Armour         | |  4.9
Dodging        | |  6.8

Action                   |  1- 3 |  4- 6 || total
-------------------------+-------+-------++-------
Melee: Hand axe          |    81 |    53 ||   134
       Bite              |     4 |    25 ||    29
       War axe           |       |    71 ||    71
       Whip              |       |   123 ||   123
  Use: Scroll            |     4 |     3 ||     7
  Eat: Chunk             |     1 |     5 ||     6
Armor: Leather armour    |    20 |    31 ||    51
       Scale mail        |       |    31 ||    31
Dodge: Dodged            |    96 |   227 ||   323

Table legend:
 A = Non-vault XP
 B = Vault XP
 C = Vault XP percentage of total XP
 D = Non-vault monster count
 E = Vault monster count
 F = Vault count percentage of total count
                 A         B        C        D         E       F
            +---------+---------+-------+---------+---------+-------
      Total |     276 |      82 |  22.9 |      75 |      21 |  21.9
            +---------+---------+-------+---------+---------+-------
        D:1 |      25 |       0 |   0.0 |      11 |       0 |   0.0
        D:2 |      84 |       3 |   3.4 |      22 |       3 |  12.0
        D:3 |     167 |      17 |   9.2 |      42 |       3 |   6.7
      Sewer |       0 |      62 | 100.0 |       0 |      15 | 100.0
            +---------+---------+-------+---------+---------+-------
